 Dungeon Crawl Stone Soup version 0.22-a0-558-gc2241811a9 (webtiles) character file.

8 M4edhros the Grave Robber (level 2, 0/17 HPs)
             Began as an Octopode Necromancer on June 27, 2018.
             Slain by an adder (2 damage)
             ... on level 2 of the Dungeon.
             The game lasted 00:00:27 (168 turns).

M4edhros the Grave Robber (Octopode Necromancer)     Turns: 168, Time: 00:00:27

Health: 0/17       AC:  1    Str:  7    XL:     2   Next: 8%
Magic:  3/5        EV: 13    Int: 17    God:
Gold:   18         SH:  0    Dex: 12    Spells: 3/5 levels left

rFire    . . .     SeeInvis .     - Unarmed
rCold    . . .     Gourm    .   (no shield)
rNeg     . . .     Faith    .   (helmet restricted)
rPois    .         Spirit   .   (no amulet)
rElec    .         Reflect  .   (no ring)
rCorr    .         Harm     .   (no ring)
MR       .....                  (no ring)
Stlth    +++.......             (no ring)
HPRegen  0.05/turn              (no ring)
MPRegen  0.09/turn              (no ring)
                                (no ring)
                                (no ring)

@: no status effects
A: almost no armour, stealthy swim, amphibious, 8 rings, constrict 8, camouflage
1, gelatinous body 1
a: no special abilities


You were on level 2 of the Dungeon.
You were not hungry.

You visited 1 branch of the dungeon, and saw 2 of its levels.

You collected 18 gold pieces.

Inventory:

Scrolls
 a - a scroll of teleportation {unknown}
 d - a scroll of immolation {unknown}
Comestibles
 b - a ration
 c - 3 chunks of flesh


   Skills:
 - Level 2.0 Dodging
 - Level 2.6 Stealth
 + Level 1.6 Unarmed Combat
 - Level 2.0 Spellcasting
 - Level 4.0 Necromancy


You had 3 spell levels left.
You knew the following spells:

 Your Spells              Type           Power        Failure   Level  Hunger
a - Pain                  Necr           ###.         3%          1    #......
b - Animate Skeleton      Necr           N/A          3%          1    #......

Your spell library contained the following spells:

 Spells                   Type           Power        Failure   Level  Hunger
 Animate Dead             Necr           N/A          36%         4    #####..
 Vampiric Draining        Necr           ###.......   11%         3    ###....
 Regeneration             Chrm/Necr      #.........   26%         3    ###....


Dungeon Overview and Level Annotations

Branches:
Dungeon (2/15)

Altars:
Qazlal


Innate Abilities, Weirdness & Mutations

You cannot wear most types of armour.
You are very stealthy in the water. (Stealth+)
You are amphibious.
You can wear up to eight rings at the same time.
You can use your tentacles to constrict eight enemies at once.
Your skin changes colour to match your surroundings (Stealth+).
Your rubbery body absorbs attacks. (AC +1, EV +1)


Message History

You kill the goblin!
Things that are here:
a dagger; a goblin corpse An adder comes into view.
Found a mace.
A frilled lizard comes into view.
The frilled lizard moves out of view.
Casting: Animate Skeleton (safe; 3% risk of failure)
Confirm with . or Enter, or press ? or * to list all spells.
Aiming: Pain (safe; 3% risk of failure)
Press: ? - help, Shift-Dir - straight line, f - adder
Aim: an adder (chance to defeat MR: 80%)
The adder writhes in agony!
The adder closely misses you.
Casting: Pain (safe; 3% risk of failure)
Confirm with . or Enter, or press ? or * to list all spells.
Aiming: Pain (safe; 3% risk of failure)
Press: ? - help, Shift-Dir - straight line, f/p - adder
Aim: an adder (severely wounded, chance to defeat MR: 80%)
The adder writhes in agony!
The adder bites you.
You die...

#.# ###.###
#§...§#
###.....###
#...._....#
#.#.)...#.#
.'.#§...§#...
..#####S#######
.. #...@....#
#......#.#
#......#
#...%..#
#......+
#....).#
#......#
#......#


You could see an adder.

Vanquished Creatures
  A giant cockroach (D:2)
  2 goblins (D:2)
  A hobgoblin (D:1)
  2 jackals (D:1)
6 creatures vanquished.

Notes
Turn   | Place    | Note
-------+----------+-------------------------------------------
     0 | D:1      | M4edhros the Octopode Necromancer began the quest for the Orb.
     0 | D:1      | Reached XP level 1. HP: 11/11 MP: 3/3
   108 | D:1      | Reached skill level 1 in Unarmed Combat
   114 | D:1      | Learned a level 1 spell: Animate Skeleton
   142 | D:2      | Reached XP level 2. HP: 5/17 MP: 5/5
   153 | D:2      | Found a stormy altar of Qazlal.
   168 | D:2      | Slain by an adder

Vault maps used:
D:1:      giann_wishing_wells, serial_bayou_pond_b
D:2:      kennysheep_nub, grunt_qazlal_clouds

Skill      XL: |  1 |
---------------+----+-----
Unarmed Combat | 1 |  1.6
Dodging        | |  2.0
Stealth        | |  2.6
Spellcasting   | |  2.0
Necromancy     | |  4.0

Action                   || total
-------------------------++-------
Melee: Unarmed           ||    20
       Constrict         ||     7
       Tentacles         ||     3
 Cast: Animate Skeleton  ||     1
       Pain              ||     2
Dodge: Dodged            ||    13

Table legend:
 A = Spawn XP
 B = Non-spawn XP
 C = Spawn XP percentage of total XP
 D = Spawn monster count
 E = Non-spawn monster count
 F = Spawn count percentage of total count
 G = Total turns spent on level
                    A         B        C        D         E        F      G
               +---------+---------+-------+---------+---------+-------+---------
         Total |       0 |      12 |   0.0 |       0 |       6 |   0.0 |   168
               +---------+---------+-------+---------+---------+-------+---------
           D:1 |       0 |       6 |   0.0 |       0 |       3 |   0.0 |   123
           D:2 |       0 |       6 |   0.0 |       0 |       3 |   0.0 |    45
               +---------+---------+-------+---------+---------+-------+---------
